 Dungeon Crawl Stone Soup version 0.20.0-10-g0535bb4 (webtiles) character file.

686 MTVSty1e the Chopper (level 7, -11/61 HPs)
             Began as a Green Draconian Warper on June 3, 2017.
             Mangled by a two-headed ogre
             ... wielding a +0 giant club
              (14 damage)
             ... on level 4 of the Dungeon.
             The game lasted 00:09:18 (5022 turns).

MTVSty1e the Chopper (Green Draconian Warper)       Turns: 5022, Time: 00:09:20

Health: -11/61     AC:  8    Str: 16      XL:     7   Next: 35%
Magic:  10/10      EV: 12    Int: 11 (13) God:
Gold:   172        SH:  0    Dex: 12 (13) Spells: 10/10 levels left

rFire    + . .     SeeInvis +   a - +0 hand axe
rCold    . . .     Gourm    +   (no shield)
rNeg     . . .     Faith    .   (armour unavailable)
rPois    +         Spirit   .   (helmet restricted)
rElec    .         Reflect  .   m - +0 cloak
rCorr    .         Harm     .   r - +0 pair of gloves
MR       +....                  (no boots)
Stlth    +.........             j - amulet of the gourmand
Regen    0.2/turn               i - +3 ring of dexterity
MPRegen  0.2/turn               k - ring of see invisible

@: short of breath
A: breathe noxious fumes, unfitting armour, blurry vision 1, fire resistance 1,
magic resistance 1, poison resistance, cold-blooded, AC +6
a: Breathe Noxious Fumes


You were on level 4 of the Dungeon.
You were hungry.

You visited 1 branch of the dungeon, and saw 5 of its levels.

You collected 172 gold pieces.

Inventory:

Hand Weapons
 a - a +0 hand axe (weapon)
 s - a +2 spear of flaming
Missiles
 d - 5 tomahawks of dispersal (quivered)
Armour
 m - a +0 cloak (worn)
 r - a +0 pair of gloves (worn)
Jewellery
 i - a +3 ring of dexterity (left hand)
 j - an amulet of the gourmand (around neck)
 k - a ring of see invisible (right hand)
Scrolls
 e - a scroll of teleportation
 p - a scroll of identify
 q - a scroll of remove curse
Potions
 l - a potion of degeneration
 n - a potion of flight
Books
 b - a book of Spatial Translocations

   Spells                             Type                      Level
   a - Blink                          Translocation                2
   b - Shroud of Golubria             Charms/Translocation         2
   c - Lesser Beckoning               Translocation                3
   d - Gell's Gravitas                Translocation                3
   e - Teleport Other                 Translocation                3
   f - Passage of Golubria            Translocation                4
Comestibles
 f - 4 bread rations
 g - 3 meat rations


   Skills:
 + Level 5.4 Fighting
 * Level 6.9 Axes
 - Level 0.8 Throwing
 - Level 2.1 Dodging
 - Level 2.0 Spellcasting
   Level 3.0 Translocations


You had 10 spell levels left.
You didn't know any spells.

Dungeon Overview and Level Annotations

Branches:
Dungeon (5/15)
 Temple: D:4-7

Altars:
Ashenzari
Gozag
The Shining One

Annotations:
D:5 Edmund


Innate Abilities, Weirdness & Mutations

You can breathe blasts of noxious fumes.
Your lurid green scales are hard. (AC +6)
You cannot fit into any form of body armour.
Your system is resistant to poisons. (rPois)
You are cold-blooded and may be slowed by cold attacks.
Scrolls take you a little longer to read.
Your flesh is heat resistant. (rF+)
You are resistant to hostile enchantments. (MR+)


Message History

You feel a little less clever now.
Your magical contamination has completely faded away.
There is a stone staircase leading up here.
You climb upwards.
The adder hisses angrily.
The adder bites you.
* * * LOW HITPOINT WARNING * * *
The two-headed ogre hits you with a giant club!
* * * LOW HITPOINT WARNING * * *
The two-headed ogre closely misses you. The adder bites you but does no damage.
There is a stone staircase leading down here.
Press: ? - help, Shift-Dir - straight line, f - two-headed ogre
Aim: a two-headed ogre, wielding two giant clubs You exhale a blast of noxious fumes.
The blast of choking fumes hits the two-headed ogre.
The two-headed ogre is lightly wounded.
You feel somewhat more hungry.
The two-headed ogre is engulfed in noxious fumes.
The two-headed ogre hits you with a giant club!
You die...

##.#####...#
...........##
####.#.#...#
...#.#...##
..#.##.#.#....# .
.........#....#
.. ...###.##.#..#
#..#####.....#O.#
#.........####.@#
#.........# ##S#
#.........# #..
#####.#..## ###.
#.#..# ..
..#..#### ## ##
#.....# ##....#
.......#...#####


You could see a two-headed ogre and an adder.

Vanquished Creatures
  Duvessa (D:5)
  An ice beast (D:5)
  A gnoll sergeant (D:5)
  Dowan (D:5)
  A scorpion (D:5)
  The ghost of MTVSty1e the Chopper, a weakling GrSk (D:3)
  A hound (D:5)
  2 orc wizards (D:4)
  Jessica (D:3)
  Robin (D:3)
  4 gnolls (D:5)
  3 adders
  2 oozes
  A worm (D:2)
  3 dart slugs
  3 leopard geckos
  8 orcs
  3 ball pythons
  13 bats
  A giant cockroach (D:2)
  15 goblins
  5 hobgoblins
  4 jackals (D:3)
  10 kobolds
  5 frilled lizards
  A quokka skeleton (D:4)
  5 rats
97 creatures vanquished.

Notes
Turn   | Place    | Note
-------+----------+-------------------------------------------
     0 | D:1      | MTVSty1e the Draconian Warper began the quest for the Orb.
     0 | D:1      | Reached XP level 1. HP: 17/17 MP: 3/3
    90 | D:1      | Reached XP level 2. HP: 7/25 MP: 5/5
   610 | D:1      | Reached skill level 3 in Axes
   699 | D:1      | Reached XP level 3. HP: 30/30 MP: 6/6
  1465 | D:2      | Found a shattered altar of Ashenzari.
  2059 | D:3      | Noticed MTVSty1e's ghost (weakling GrSk)
  2256 | D:3      | Found an opulent altar of Gozag.
  2283 | D:3      | Reached XP level 4. HP: 32/38 MP: 7/7
  2431 | D:3      | Noticed Jessica
  2440 | D:3      | Killed Jessica
  2624 | D:3      | Reached skill level 4 in Axes
  3035 | D:3      | Noticed Robin
  3049 | D:3      | Reached XP level 5. HP: 12/46 MP: 8/8
  3054 | D:3      | Killed Robin
  3425 | D:3      | Found a glowing golden altar of the Shining One.
  3605 | D:3      | Found a faded altar of an unknown god.
  3673 | D:3      | Killed MTVSty1e's ghost
  3968 | D:4      | Noticed a two-headed ogre
  4019 | D:4      | Reached skill level 5 in Axes
  4274 | D:5      | Entered Level 5 of the Dungeon
  4407 | D:5      | Noticed an ice beast
  4424 | D:5      | Gained mutation: Your flesh is heat resistant. (rF+) [potion of mutation]
  4424 | D:5      | Gained mutation: Scrolls take you a little longer to read. [potion of mutation]
  4424 | D:5      | Gained mutation: You are resistant to hostile enchantments. (MR+) [potion of mutation]
  4426 | D:5      | Reached XP level 6. HP: 34/53 MP: 9/9
  4435 | D:5      | Killed an ice beast
  4503 | D:5      | Noticed Duvessa
  4507 | D:5      | Noticed Dowan
  4515 | D:5      | Killed Duvessa
  4515 | D:5      | Reached skill level 5 in Fighting
  4515 | D:5      | Reached skill level 6 in Axes
  4520 | D:5      | Killed Dowan
  4520 | D:5      | Your scales start taking on a lurid green colour.
  4520 | D:5      | Reached XP level 7. HP: 52/61 MP: 10/10
  4520 | D:5      | Gained mutation: Your system is resistant to poisons. (rPois) [Green Draconian growth]
  4922 | D:5      | Noticed Edmund
  4956 | D:5      | HP: 3/61 [Edmund/flail of protection (9)]
  5021 | D:4      | HP: 3/61 [two-headed ogre/giant club (12)]
  5022 | D:4      | Mangled by a two-headed ogre

Skill      XL: |  1  2  3  4  5  6 |
---------------+-------------------+-----
Axes           | 3 4 5 6 |  6.9
Fighting       | 3 4 5 |  5.4
Throwing       | |  0.8
Dodging        | |  2.1
Spellcasting   | |  2.0
Translocations | |  3.0

Action                   |  1- 3 |  4- 6 |  7- 9 || total
-------------------------+-------+-------+-------++-------
Melee: Hand axe          |   162 |   127 |    72 ||   361
       Tailslap          |    20 |    22 |    11 ||    53
 Abil: Breathe Noxious F |       |       |     3 ||     3
  Use: Scroll            |     6 |     3 |     1 ||    10
       Potion            |       |     8 |     2 ||    10
 Stab: Confused          |       |       |     1 ||     1
  Eat: Chunk             |     4 |     7 |     2 ||    13
Armor: Skin              |    72 |    51 |    11 ||   134
Dodge: Dodged            |   120 |   100 |    25 ||   245
